 Dungeon Crawl Stone Soup version 0.23.2-1-ga50397a6bc (webtiles) character file.

Game seed: 15216596594797494707

2846 Foic the Grappler (level 9, -3/85 HPs)
             Began as a Troll Gladiator on May 14, 2019.
             Slain by an orc knight
             ... wielding a +0 war axe
              (12 damage)
             ... on level 7 of the Dungeon.
             The game lasted 00:24:01 (5910 turns).

Foic the Grappler (Troll Gladiator)                 Turns: 5910, Time: 00:24:02

Health: -3/85      AC:  9    Str: 30    XL:     9   Next: 46%
Magic:  8/8        EV: 13    Int:  4    God:
Gold:   300        SH:  0    Dex: 14    Spells: 8/8 levels left

rFire    . . .     SeeInvis .     - Unarmed
rCold    . . .     Gourm    +   (no shield)
rNeg     . . .     Faith    .   y - +2 robe of Peek-a-Boo {Regen+ Str+6 Slay+3}
rPois    .         Spirit   .   b - +1 hat
rElec    .         Reflect  .   (no cloak)
rCorr    .         Harm     .   (gloves unavailable)
MR       .....                  (boots unavailable)
Stlth    +.........             (no amulet)
HPRegen  1.04/turn              (no ring)
MPRegen  0.11/turn              (no ring)

@: no status effects
A: large, unfitting armour, claws 3, fast metabolism 3, gourmand, regeneration
1, shaggy fur 1, tough skin 3
a: no special abilities


You were on level 7 of the Dungeon.
You were completely stuffed.

You visited 2 branches of the dungeon, and saw 8 of its levels.
You also visited: Sewer and Bailey.

You collected 300 gold pieces.

Inventory:

Hand Weapons
 f - a +0 giant spiked club
 i - a +0 hunting sling
 q - a +0 blowgun
 E - a +2 flail of protection
 G - a +2 spear of venom
Missiles
 c - 3 throwing nets
 e - 3 javelins (quivered)
 g - 243 stones
 t - 13 tomahawks
 C - 5 poisoned needles
Armour
 a - a +0 robe
 b - a +1 hat (worn)
 y - the +2 robe of Peek-a-Boo (worn) {Regen+ Str+6 Slay+3}
   (You found it on level 4 of the Dungeon)

   It affects your strength (+6).
   It affects your accuracy and damage with ranged weapons and melee attacks
   (+3).
   It increases your rate of regeneration.
Jewellery
 n - an uncursed amulet of the gourmand
 H - an uncursed ring of ice {unknown}
Scrolls
 j - 9 scrolls of identify
 k - 5 scrolls of remove curse
 o - 5 scrolls of blinking {unknown}
 p - 4 scrolls of magic mapping {unknown}
 s - 4 scrolls of immolation {unknown}
 u - 6 scrolls of teleportation
 w - 2 scrolls of fear {unknown}
 x - a scroll of fog
Potions
 h - a potion of curing
 l - 2 potions of heal wounds {unknown}
 m - 2 potions of agility
 r - 2 potions of cancellation {unknown}
 v - a potion of might
 z - 2 potions of haste {unknown}
 A - a potion of magic
 B - a potion of mutation {unknown}
 D - a potion of flight
 I - a potion of resistance {unknown}
Comestibles
 d - 16 rations
 F - a chunk of flesh


   Skills:
 * Level 4.7 Fighting
 + Level 1.9 Throwing
 * Level 6.8 Dodging
 + Level 9.7 Unarmed Combat


You had 8 spell levels left.
You didn't know any spells.
Your spell library contained the following spells:

 Spells                   Type           Power        Failure   Level  Hunger
 Flame Tongue             Conj/Fire      #....        50%         1    ##.....
 Throw Flame              Conj/Fire      #.....       65%         2    ###....
 Conjure Flame            Conj/Fire      #.......     86%         3    ####...
 Inner Flame              Hex/Fire       #.......     86%         3    ####...
 Sticky Flame             Conj/Fire      #.......     99%         4    #####..
 Fireball                 Conj/Fire      #.........   100%        5    ######.


Dungeon Overview and Level Annotations

Branches:
Dungeon (7/15)             Temple (1/1) D:5

Altars:
Ashenzari
Cheibriados
Dithmenos
Elyvilon
Fedhas
Hepliaklqana
Kikubaaqudgha
Makhleb
Nemelex Xobeh
Okawaru
Qazlal
Ru
Sif Muna
Trog
Uskayaw
Xom
Yredelemnul
Zin
The Shining One

Annotations:
D:2 1 runed translucent door, Crazy Yiuf
D:7 2 transporters, whodunnit's ghost, novice TeFi


Innate Abilities, Weirdness & Mutations

You are too large for most types of armour.
You have claws for hands.
Your metabolism is lightning-fast.
You like to eat raw meat.
Your natural rate of healing is unusually fast.
You are covered in fur. (AC +1)
You have extremely tough skin. (AC +3)


Message History

Level annotation: 2 transporters, whodunnit's ghost, novice TeFi Some of the chunks of flesh in your inventory have rotted away.
There is an empty arch of ancient stone here.
Throwing (i - inventory. (/) - cycle)
e - 5 javelins (quivered)
Press: ? - help, Shift-Dir - straight line, f - orc knight
Aim: an orc knight, wielding a +0 war axe and wearing a +0 ring mail (unusually strong)
You throw a javelin. The javelin barely misses the goblin.
The javelin hits the orc knight but does no damage.
Throwing (i - inventory. (/) - cycle)
e - 4 javelins (quivered)
Press: ? - help, Shift-Dir - straight line, f/p - orc knight
Aim: an orc knight, wielding a +0 war axe and wearing a +0 ring mail (unusually strong)
You throw a javelin.
The javelin barely misses the orc knight.
The javelin barely misses the goblin.
The orc knight hits you with a +0 war axe!
* * * LOW HITPOINT WARNING * * *
You mangle the orc knight!!
The orc knight is moderately wounded.
The orc knight hits you with a +0 war axe!
You die...

... ... ... .. ##
#.##.#####.. #.........#
.###....... #####
.........########### ....#
#..#............########
#####
#.....##8###8#####[..... #
#.###รท8@og....(.'..# #. #
#.....####8###8##..####. #
####............##.#.... .#
#..############.#.##. ###.
#...# #...... #.. #...#
#...#.. #.# ######...######
####.....# #.#
###.............# #.......##
#.#
#...................###..###


You could see an orc knight and a goblin.

Vanquished Creatures
  Prince Ribbit (D:7)
  Sigmund (D:2)
  2 ice beasts
  2 orc warriors
  4 ogres
  A centaur (D:6)
  2 big kobolds
  A bullfrog (D:4)
  A gnoll sergeant (D:7)
  A water moccasin zombie (D:6)
  A howler monkey (D:4)
  An electric eel (Bailey)
  5 crimson imps
  A hound (D:5)
  A gnoll shaman (D:4)
  2 iguanas
  10 orc wizards
  Terence (D:2)
  6 worker ants
  3 hound skeletons
  Robin (D:3)
  A worker ant zombie (D:5)
  18 adders
  16 gnolls
  2 river rats (Sewer)
  A shadow imp (D:5)
  6 oozes
  An adder skeleton (D:6)
  A worm (D:3)
  9 leopard geckos
  23 orcs
  15 bats
  5 giant cockroaches
  17 goblins
  12 hobgoblins
  4 jackals (D:1)
  A quokka (D:6)
  3 ball pythons
  A goblin skeleton (D:4)
  A goblin zombie (D:4)
  2 hobgoblin zombies (D:4)
  A jackal zombie (D:6)
  12 kobolds
  A kobold zombie (D:4)
  A leopard gecko skeleton (D:3)
  3 orc skeletons (D:4)
  3 orc zombies (D:4)
  A quokka skeleton (D:6)
  9 rats
218 creatures vanquished.

Notes
Turn   | Place    | Note
-------+----------+-------------------------------------------
     0 | D:1      | Foic the Troll Gladiator began the quest for the Orb.
     0 | D:1      | Reached XP level 1. HP: 19/19 MP: 0/0
    76 | D:1      | Reached XP level 2. HP: 20/28 MP: 1/1
   829 | D:2      | Reached XP level 3. HP: 35/35 MP: 2/2
  1305 | D:2      | Noticed Sigmund
  1323 | D:2      | Killed Sigmund
  1323 | D:2      | Reached skill level 4 in Unarmed Combat
  1323 | D:2      | Reached XP level 4. HP: 22/44 MP: 3/3
  1323 | D:2      | Reached XP level 5. HP: 25/50 MP: 4/4
  1404 | D:2      | Found a runed translucent door.
  1405 | D:2      | Noticed Crazy Yiuf
  1439 | D:2      | Noticed Terence
  1444 | D:2      | Killed Terence
  1704 | D:3      | Found a sacrificial altar of Ru.
  1709 | D:3      | Reached XP level 6. HP: 59/59 MP: 5/5
  1955 | D:3      | Noticed Robin
  1969 | D:3      | Reached skill level 5 in Unarmed Combat
  1990 | D:3      | Killed Robin
  2643 | D:4      | Reached XP level 7. HP: 66/66 MP: 6/6
  2656 | D:4      | Found a glowing golden altar of the Shining One.
  2812 | D:4      | Reached skill level 6 in Unarmed Combat
  3015 | D:4      | You fall through a shaft!
  3015 | D:5      | Entered Level 5 of the Dungeon
  3056 | D:5      | Found a staircase to the Ecumenical Temple.
  3066 | D:5      | Reached skill level 5 in Dodging
  3068 | Temple   | Entered the Ecumenical Temple
  3414 | D:5      | Found a glowing drain.
  3424 | Sewer    | Entered a sewer
  3452 | Sewer    | Reached XP level 8. HP: 75/75 MP: 7/7
  3530 | Sewer    | Reached skill level 7 in Unarmed Combat
  4198 | D:4      | Got a fabulously ornate robe
  4200 | D:4      | Identified the +2 robe of Peek-a-Boo {Regen+ Str+6 Slay+3}
                  | (You found it on level 4 of the Dungeon)
  4461 | D:4      | Reached skill level 8 in Unarmed Combat
  4536 | D:4      | You fall through a shaft for 2 floors!
  4763 | D:6      | Reached XP level 9. HP: 84/84 MP: 8/8
  4797 | D:6      | Found a blossoming altar of Fedhas.
  5249 | D:7      | Found a transporter.
  5249 | D:7      | Found a transporter.
  5264 | D:7      | Reached skill level 9 in Unarmed Combat
  5298 | D:7      | Noticed whodunnit's ghost (novice TeFi)
  5389 | D:7      | Found a basalt altar of Yredelemnul.
  5458 | D:7      | Noticed Prince Ribbit
  5471 | D:7      | Killed Prince Ribbit
  5775 | D:7      | Found a flagged portal.
  5874 | Bailey   | Entered a bailey
  5892 | Bailey   | Noticed an orc knight
  5892 | Bailey   | Noticed an orc knight
  5910 | D:7      | Slain by an orc knight

Skill      XL: |  1  2  3  4  5  6  7  8  9 |
---------------+----------------------------+-----
Fighting       | 2 3 4 |  4.7
Dodging        | 4 5 6 |  6.8
Unarmed Combat | 4 5 6 8 9 |  9.7
Throwing       | |  1.9

Action                   |  1- 3 |  4- 6 |  7- 9 || total
-------------------------+-------+-------+-------++-------
Melee: Unarmed           |    87 |   122 |   316 ||   525
       Punch             |       |     2 |    14 ||    16
Throw: Javelin           |       |     2 |     3 ||     5
  Use: Scroll            |     5 |       |     2 ||     7
       Potion            |     2 |     6 |       ||     8
 Stab: Sleeping          |     1 |       |     2 ||     3
  Eat: Chunk             |    17 |    11 |    33 ||    61
Armor: Robe              |    31 |    38 |    77 ||   146
Dodge: Dodged            |    58 |    70 |   190 ||   318
